Map: Ephemeron LE

Players

Khun (Ranger)

  • Race: Protoss Protoss
  • Spawn Location: 11:00

Enrique (Quantel) - Winner!

  • Race: Protoss Protoss
  • Spawn Location: 5:00

Event: SEA Games 2019

VOD

https://youtu.be/rvlD_amZG6w

Description

Time

  • Played on: Dec. 5, 2019, 9:55 p.m.
  • Length: 8:12

All games in this series

Show
View Real Time Build Order
Export as new Build Order

Khun Protoss 

Build Orders: Oracle Opening 

Get SALT Encoding   

  12  0:00  Probe  
  13  0:12  Probe  
  14  0:18  Pylon  
  14  0:25  Probe (Chrono Boost)  
  15  0:37  Probe (Chrono Boost)  
  15  0:38  Gateway  
  16  0:45  Probe (Chrono Boost)  
  16  0:48  Assimilator  
  17  0:52  Probe  
  18  0:58  Assimilator  
  19  1:04  Probe  
  19  1:09  Gateway  
  19  1:16  Probe  
  20  1:24  Cybernetics Core  
  20  1:28  Probe  
  21  1:35  Pylon  
  21  1:40  Probe  
  22  1:55  Probe  
  25  2:01  Adept (Chrono Boost)  
  25  2:03  Adept (Chrono Boost), Warp Gate  
  27  2:12  Pylon  
  27  2:15  Probe  
  28  2:16  Pylon  
  28  2:25  Pylon  
  30  2:33  Stargate  
  30  2:36  Stalker  
  30  2:46  Probe  
  30  2:49  Shield Battery  
  31  2:55  Stalker  
  33  3:07  Stalker  
  35  3:19  Oracle (Chrono Boost)  
  33  3:28  Shield Battery  
  33  3:31  Robotics Facility  
  33  3:40  Pylon  
  33  3:58  Stalker x2  
  36  4:08  Gateway  
  36  4:25  Warp Prism (Chrono Boost)  
  36  4:27  Oracle  
  41  4:45  Stalker x2  
  45  4:57  Observer  
  46  5:09  Nexus  
  46  5:29  Pylon  
  46  5:38  Probe  
  47  5:47  Immortal (Chrono Boost)  
  51  5:50  Probe  
  52  6:03  Twilight Council, Adept  
  54  6:06  Pylon  
  54  6:16  Probe (Chrono Boost)  
  55  6:20  Probe (Chrono Boost)  
  55  6:21  Adept  
  55  6:22  Sentry  
  55  6:23  Observer (Chrono Boost)  
  61  6:30  Probe x2 (Chrono Boost)  
  60  6:35  Probe (Chrono Boost)  
  60  6:39  Resonating Glaives (Chrono Boost)  
  61  6:40  Adept  
  61  6:41  Probe  
  61  6:46  Adept  
  66  6:50  Probe  
  66  6:53  Adept  
  66  6:59  Gateway  
  66  7:04  Shield Battery  
  66  7:08  Adept  
  66  7:18  Adept x2  
  64  7:32  Adept  
  52  7:39  Adept x2  
  53  7:54  Adept x2  
  41  7:59  Adept  
  35  8:09  Adept  
Show
View Real Time Build Order
Export as new Build Order

Enrique Protoss - Winner!

Build Orders:  

Get SALT Encoding   

  12  0:00  Probe  
  13  0:12  Probe  
  14  0:17  Pylon  
  14  0:25  Probe (Chrono Boost)  
  16  0:37  Probe (Chrono Boost)  
  16  0:38  Gateway  
  16  0:42  Probe (Chrono Boost)  
  16  0:46  Assimilator  
  17  0:51  Probe  
  17  0:55  Assimilator  
  18  1:03  Probe (Chrono Boost)  
  19  1:09  Gateway  
  19  1:13  Probe (Chrono Boost)  
  19  1:18  Probe (Chrono Boost)  
  21  1:28  Cybernetics Core  
  21  1:30  Probe  
  22  1:34  Pylon  
  22  1:42  Probe  
  23  1:54  Probe  
  24  2:04  Stalker  
  24  2:05  Stalker, Warp Gate  
  28  2:12  Pylon  
  28  2:14  Probe  
  28  2:34  Stalker  
  28  2:35  Stalker  
  32  2:55  Pylon  
  32  2:57  Probe  
  31  3:13  Probe  
  30  3:25  Probe  
  31  3:32  Robotics Facility  
  31  3:33  Nexus  
  31  3:37  Probe  
  32  3:50  Probe  
  32  3:52  Sentry  
  32  3:53  Sentry  
  37  4:06  Gateway  
  37  4:18  Stalker x2  
  37  4:22  Probe  
  38  4:31  Immortal (Chrono Boost)  
  37  4:34  Probe  
  37  4:37  Phoenix  
  38  4:46  Probe  
  39  4:54  Shield Battery  
  39  4:59  Probe x2  
  41  5:11  Probe (Chrono Boost)  
  42  5:14  Probe (Chrono Boost)  
  43  5:23  Probe (Chrono Boost), Immortal (Chrono Boost)  
  43  5:27  Probe (Chrono Boost)  
  49  5:32  Probe (Chrono Boost)  
  49  5:33  Sentry x2  
  54  5:44  Probe  
  54  5:45  Probe  
  52  5:50  Stalker  
  53  6:03  Warp Prism (Chrono Boost)  
  54  6:11  Gateway  
  54  6:21  Pylon  
  54  6:23  Pylon  
  53  6:39  Probe  
  52  6:42  Adept x3  
  58  6:52  Pylon  
  58  7:06  Adept x3  
  58  7:08  Sentry  
  54  7:30  Adept x3  
  52  7:49  Adept  
  44  7:51  Adept  
  44  7:52  Adept x2  
Tags
 
Add a new tag
Caveats
  • Supply blocks, unpowered buildings, or Contaminate may cause inaccurate times.
  • Supply counts are checked every 10 seconds.